 Dungeon Crawl Stone Soup version 0.31-a0-236-g9a0961fb85 (webtiles) character file.

Game seed: 12625046453383624320

19 qw the Shooter (level 2, 0/16 HPs)
             Began as a Gargoyle Hexslinger on July 10, 2023.
             Slain by a quokka (2 damage)
             ... on level 2 of the Dungeon.
             The game lasted 00:00:14 (683 turns).

qw the Shooter (Gargoyle Hexslinger)                 Turns: 683, Time: 00:00:15

Health: 0/16       AC:  7    Str: 11    XL:     2   Next: 75%
Magic:  3/3        EV: 10    Int: 13    God:
Gold:   59         SH:  0    Dex: 12    Spells: 2/3 levels left

rFire   . . .        Y - +1 sling
rCold   . . .        (no shield)
rNeg    + . .        d - +0 ring mail
rPois   inf          (no helmet)
rElec   +            (no cloak)
rCorr   +            (no gloves)
SInv    .            (no boots)
Will    .....        (no amulet)
Stlth   +            g - ring of resist corrosion
HPRegen 0.22/turn    (no ring)
MPRegen 0.08/turn

%: no passive effects
@: no status effects
A: sickness immunity, AC +2, negative energy resistance 1, electricity
resistance, torment resistance 1, petrification resistance
a: no special abilities


You were on level 2 of the Dungeon.
You visited 1 branch of the dungeon, and saw 2 of its levels.

You collected 59 gold pieces.


Innate Abilities, Weirdness & Mutations

You are immune to sickness and miasma.
Your stone body is resilient. (AC +2)
You are immune to poison.
You resist negative energy. (rN+)
You are resistant to electric shocks. (rElec)
You are resistant to unholy torment.
You are immune to petrification.


   Skills:
 + Level 1.6 Fighting
 - Level 3.0 Ranged Weapons
 - Level 1.5 Dodging
 - Level 1.0 Spellcasting
 - Level 2.6 Hexes


You had 2 spell levels left.
You knew the following spells:

 Your Spells              Type           Power      Damage    Failure   Level
a - Slow                  Hex            28%        N/A       22%         1

Your spell library contained the following spells:

 Spells                   Type           Power      Damage    Failure   Level
 Inner Flame              Hex/Fire       4%         N/A       75%         3
 Portal Projectile        Hex/Tloc       8%         N/A       75%         3
 Cause Fear               Hex            3%         N/A       92%         4

Inventory:

Hand Weapons
 Y - a +1 sling (weapon)
Armour
 d - a +0 ring mail (worn)
Jewellery
 g - a ring of resist corrosion (left hand)
Potions
 e - a potion of curing
 f - a potion of berserk rage {unknown}
 i - a potion of lignification {unknown}

Dungeon Overview and Level Annotations

Branches:
Dungeon (2/15)

Altars:


Message History

The adder bites you but does no damage.
The quokka bites you but does no damage.
You shoot a sling bullet.
The sling bullet barely misses the adder.
The adder bites you but does no damage. The quokka barely misses you.
The adder barely misses you. The quokka bites you.
You shoot a sling bullet. The sling bullet hits the adder.
The adder is moderately wounded.
The adder closely misses you. The quokka bites you.
The adder closely misses you.
You shoot a sling bullet.
The sling bullet closely misses the adder.
The quokka closely misses you. The adder bites you but does no damage.
The quokka bites you. The adder bites you but does no damage.
You shoot a sling bullet.
The sling bullet barely misses the adder.
The quokka bites you. The adder barely misses you. The quokka bites you.
The adder bites you but does no damage.
You shoot a sling bullet.
The sling bullet closely misses the adder.
The adder bites you but does no damage. The quokka bites you.
You shoot a sling bullet.
The sling bullet closely misses the adder.
The adder bites you but does no damage.
The quokka bites you but does no damage.
The adder closely misses you. The quokka barely misses you.
You shoot a sling bullet.
The sling bullet hits the adder but does no damage.
The adder is moderately wounded.
The adder bites you but does no damage. The quokka closely misses you.
The adder closely misses you.
The quokka bites you but does no damage.
You shoot a sling bullet.
The sling bullet closely misses the adder.
The adder closely misses you. The quokka misses you.
The adder barely misses you.
You shoot a sling bullet. The sling bullet hits the adder.
The adder is heavily wounded.
The quokka bites you. The adder closely misses you. The quokka bites you.
You die...

...>. #.# ..##
......#.. .....
...........#.#.
........#......
......#...!....
#.......#......
.......r.......
########S@#.....
#...<............
#.###..##........
...................
..##...............
#...............
#...............
#...............
#...........#..


You could see an adder and a quokka.

Vanquished Creatures
  A dart slug (D:1)
  An endoplasm (D:1)
  A goblin (D:1)
  3 hobgoblins
  A quokka (D:1)
  2 ball pythons (D:1)
  4 bats (D:1)
  2 frilled lizards
  A rat (D:1)
16 creatures vanquished.

Notes
Turn   | Place    | Note
-------+----------+-------------------------------------------
     0 | D:1      | qw the Gargoyle Hexslinger began the quest for the Orb.
     0 | D:1      | Reached XP level 1. HP: 12/12 MP: 2/2
     0 | D:1      | 0 ||| qw: Version: 0.3-a-52-g30416fa
     0 | D:1      | 0 ||| qw: Game counter: 4612
     0 | D:1      | 0 ||| qw: Melee chars always use a shield: true
     0 | D:1      | 0 ||| qw: God list: Okawaru
     0 | D:1      | 0 ||| qw: Allow faded altars: false
     0 | D:1      | 0 ||| qw: Do Orc after clearing Dungeon:15 true
     0 | D:1      | 0 ||| qw: Do second Lair branch before Depths: true
     0 | D:1      | 0 ||| qw: Lair rune preference: random
     0 | D:1      | 0 ||| qw: Goals: Normal
     0 | D:1      | 0 ||| PLANNING D:1-11
   110 | D:1      | Reached XP level 2. HP: 16/16 MP: 3/3
   210 | D:1      | Found a faded altar of an unknown god.
   285 | D:1      | Reached skill level 3 in Ranged Weapons
   526 | D:1      | 526 ||| UPGRADING to +0 ring mail.
   536 | D:1      | 536 ||| DROPPING +0 robe.
   537 | D:1      | 537 ||| UPGRADING to ring of resist corrosion.
   538 | D:1      | 538 ||| READING scroll labelled XIYP ZOESUYRCHICA.
   539 | D:1      | 539 ||| READING scroll labelled GUORPHIUXISK.
   640 | D:1      | 640 ||| READING scroll labelled LAYSIK ZOXA.
   643 | D:1      | 643 ||| DRINKING 2 red potions.
   644 | D:1      | 644 ||| DROPPING scroll of poison.
   679 | D:2      | HP: 3/16 [quokka (2)]
   683 | D:2      | Slain by a quokka

Levels and vault maps discovered:
D:1:      saegor_arrival_simple_e, layout_loops_ring,
          shapermc_ecumenical_altar_starsandcircs, serial_park_tiny_2,
          st_stairs_2
D:2:      layout_rooms, serial_shops, shop

Skill      XL: |  1  2 |
---------------+-------+-----
Ranged Weapons | 3 |  3.0
Fighting       | |  1.6
Dodging        | |  1.5
Spellcasting   | |  1.0
Hexes          | |  2.6

Action                     || total
---------------------------++-------
   Fire: Sling             ||    51
    Use: Scroll            ||     3
         Potion            ||     1
 Armour: Robe              ||     3
         Ring mail         ||    20
  Dodge: Dodged            ||    27

Table legend:
 A = Non-vault XP
 B = Vault XP
 C = Vault XP percentage of total XP
 D = Non-vault monster count
 E = Vault monster count
 F = Vault count percentage of total count
                 A         B        C        D         E       F
            +---------+---------+-------+---------+---------+-------
      Total |      26 |       2 |   7.1 |      14 |       2 |  12.5
            +---------+---------+-------+---------+---------+-------
        D:1 |      23 |       2 |   8.0 |      12 |       2 |  14.3
        D:2 |       3 |       0 |   0.0 |       2 |       0 |   0.0
            +---------+---------+-------+---------+---------+-------
